 Dungeon Crawl Stone Soup version 0.30-a0-174-gbc10bd73c2 (webtiles) character file.

Game seed: 406187583610484233

19 qw the Shield-Bearer (level 2, -4/19 HPs)
             Began as a Gargoyle Fighter on Oct 1, 2022.
             Slain by Terence
             ... wielding a +0 flail
              (5 damage)
             ... on level 2 of the Dungeon.
             The game lasted 00:00:16 (498 turns).

qw the Shield-Bearer (Gargoyle Fighter)              Turns: 498, Time: 00:00:16

Health: -4/19      AC:  9    Str: 19    XL:     2   Next: 75%
Magic:  2/2        EV:  9    Int:  8    God:
Gold:   52         SH:  4    Dex:  9    Spells: 1/1 levels left

rFire   . . .      SeeInvis .    a - +0 war axe
rCold   . . .      Faith    .    c - +0 buckler
rNeg    + . .      Spirit   .    b - +0 scale mail
rPois   inf        Reflect  .    (no helmet)
rElec   +          Harm     .    (no cloak)
rCorr   .          Rampage  .    (no gloves)
Will    .....                    (no boots)
Stlth   ..........               (no amulet)
HPRegen 0.23/turn                (no ring)
MPRegen 0.08/turn                (no ring)

@: no status effects
A: sickness immunity, AC +2, negative energy resistance 1, electricity
resistance, torment resistance 1, petrification resistance
a: no special abilities


You were on level 2 of the Dungeon.
You visited 1 branch of the dungeon, and saw 2 of its levels.

You collected 52 gold pieces.


Innate Abilities, Weirdness & Mutations

You are immune to sickness and miasma.
Your stone body is resilient. (AC +2)
You are immune to poison.
You resist negative energy. (rN+)
You are resistant to electric shocks. (rElec)
You are resistant to unholy torment.
You are immune to petrification.


   Skills:
 - Level 3.2 Fighting
 + Level 2.9 Axes
 - Level 3.2 Armour
 - Level 3.2 Shields


You had one spell level left.
You didn't know any spells.
Your spell library was empty.

Inventory:

Hand Weapons
 a - a +0 war axe (weapon)
 j - a +0 flail
Armour
 b - a +0 scale mail (worn)
 c - a +0 buckler (worn)
 g - a +2 helmet
 l - a +0 cloak
Scrolls
 e - a scroll of teleportation {unknown}
 h - a scroll of amnesia {unknown}
 k - a scroll of vulnerability {unknown}
Potions
 d - a potion of might
 f - a potion of curing {unknown}
 i - a potion of ambrosia {unknown}

Dungeon Overview and Level Annotations

Branches:
Dungeon (1/15)

Altars:

Annotations:
D:2 Terence


Message History

You hit the goblin.
You kill the goblin!
The goblin unwields a +0 dagger.
The goblin wields a +0 sling.
The goblin shoots a sling bullet.
The sling bullet completely misses you.
The goblin unwields a +0 sling.
The goblin wields a +0 dagger.
The goblin hits you but does no damage.
You miss the goblin. The goblin hits you but does no damage.
You hit the goblin.
You kill the goblin!
Terence the Incautious comes into view.
He is wielding a +0 flail and wearing a +1 scale mail of poison resistance.
Terence shouts!
Terence drinks a potion.
Terence suddenly seems more resistant.
Enter note: An adder comes into view.
You closely miss Terence. Terence hits you with a +0 flail.
You hit Terence.
Terence is moderately wounded.
Terence hits you but does no damage. The adder bites you but does no damage.
Terence hits you with a +0 flail!
You hit Terence.
Terence is heavily wounded.
You barely miss the adder. The adder bites you but does no damage.
You block Terence's attack. The adder bites you but does no damage.
You hit Terence.
Terence is heavily wounded.
You hit the adder. The adder bites you but does no damage.
Terence hits you but does no damage. The adder closely misses you.
Terence closely misses you.
You barely miss Terence.
Terence is heavily wounded.
You hit the adder. The adder misses you. Terence hits you with a +0 flail.
You slash the adder!
You kill the adder!
You hit Terence but do no damage. Terence hits you with a +0 flail.
You die...

... ... .. # ..
#.##. ###.... ###
......@##########.#
#....@..........#
##...##########.#
....... ..........#
### .....##
########..# #.#
..... .........#
#.# ###.
#7+7##...####.. #
#77....... 7..)....
7...)#.#


You could see Terence (resistant).

Vanquished Creatures
  An adder (D:2)
  A ball python (D:1)
  An endoplasm (D:1)
  2 giant cockroaches
  3 goblins
  4 hobgoblins (D:1)
  2 kobolds (D:1)
  A quokka (D:1)
  A bat (D:1)
  A rat (D:1)
17 creatures vanquished.

Notes
Turn   | Place    | Note
-------+----------+-------------------------------------------
     0 | D:1      | qw the Gargoyle Fighter began the quest for the Orb.
     0 | D:1      | Reached XP level 1. HP: 14/14 MP: 1/1
     0 | D:1      | 0 ||| qw: Version: 0.2-a-13-gfc7b4b4
     0 | D:1      | 0 ||| qw: Game counter: 1946
     0 | D:1      | 0 ||| qw: Always use a shield: true
     0 | D:1      | 0 ||| qw: God list: Okawaru
     0 | D:1      | 0 ||| qw: Allow faded altars: false
     0 | D:1      | 0 ||| qw: Do Orc after D:15 true
     0 | D:1      | 0 ||| qw: Do second Lair branch before Depths: true
     0 | D:1      | 0 ||| qw: Lair rune preference: random
     0 | D:1      | 0 ||| qw: Plans: Normal, Zot:1-4, God:TSO, Crypt, Tomb,
                  | Pan, Slime:5, Hells, Abyss, Orb
     0 | D:1      | 0 ||| PLANNING D:1-11
    92 | D:1      | Reached XP level 2. HP: 19/19 MP: 2/2
   452 | D:1      | You fall into a shaft and drop 1 floor!
   491 | D:2      | Noticed Terence
   497 | D:2      | HP: 1/19 [Terence/+0 flail (6)]
   498 | D:2      | Slain by Terence

Levels and vault maps discovered:
D:1:      dpeg_arrival_short_road, layout_basic
D:2:      layout_basic, dilly_ecumenical_altar_fadedgnrine, uniq_terence,
          uniq_jessica

Skill      XL: |  1 |
---------------+----+-----
Axes           | 2 |  2.9
Fighting       | |  3.2
Armour         | |  3.2
Shields        | |  3.2

Action                   || total
-------------------------++-------
Melee: War axe           ||    58
Armor: Scale mail        ||    28
Dodge: Dodged            ||    24
Block: Buckler           ||    12

Table legend:
 A = Non-vault XP
 B = Vault XP
 C = Vault XP percentage of total XP
 D = Non-vault monster count
 E = Vault monster count
 F = Vault count percentage of total count
                 A         B        C        D         E       F
            +---------+---------+-------+---------+---------+-------
      Total |      41 |       0 |   0.0 |      17 |       0 |   0.0
            +---------+---------+-------+---------+---------+-------
        D:1 |      23 |       0 |   0.0 |      13 |       0 |   0.0
        D:2 |      18 |       0 |   0.0 |       4 |       0 |   0.0
            +---------+---------+-------+---------+---------+-------
